 Dungeon Crawl Stone Soup version 0.25.1-11-g244df3a29b (webtiles) character file.

Game seed: 14244123970882336314

969 Froggeryz the Slicer (level 8, 0/78 HPs)
             Began as an Octopode Berserker on June 15, 2022.
             Was a Priest of Trog.
             Slain by a sky beast (6 damage)
             ... on level 6 of the Dungeon.
             The game lasted 00:04:52 (4721 turns).

Froggeryz the Slicer (Octopode Berserker)           Turns: 4721, Time: 00:04:53

Health: 0/78       AC:  1    Str: 16    XL:     8   Next: 16%
Magic:  8/8        EV: 14    Int: 10    God:    Trog [***...]
Gold:   236        SH:  0    Dex: 13    Spells: 7/7 levels left

rFire    . . .     SeeInvis .   p - -1 dagger (curse)
rCold    . . .     Gourm    .   (no shield)
rNeg     . . .     Faith    .   (helmet restricted)
rPois    .         Spirit   .   (no amulet)
rElec    .         Reflect  .   (no ring)
rCorr    .         Harm     .   (no ring)
MR       .....                  (no ring)
Stlth    ..........             (no ring)
HPRegen  0.23/turn              (no ring)
MPRegen  0.11/turn              (no ring)
                                (no ring)
                                (no ring)

@: berserking, very quick
A: almost no armour, stealthy swim, amphibious, 8 rings, constrict 8, camouflage
1, gelatinous body 1
a: Berserk, Trog's Hand, Renounce Religion


You were on level 6 of the Dungeon.
You worshipped Trog.
Trog was most pleased with you.
You were very hungry.

You visited 1 branch of the dungeon, and saw 6 of its levels.

You collected 236 gold pieces.

Inventory:

Hand Weapons
 c - a +3 short sword of venom
 p - a cursed -1 dagger (weapon)
Missiles
 h - 28 poisoned darts (quivered)
 o - 2 boomerangs
Jewellery
 s - a cursed amulet of inaccuracy {unknown}
Wands
 n - a wand of digging (8)
 q - a wand of clouds (4)
Scrolls
 e - 3 scrolls of teleportation
 f - a scroll of identify
 i - a scroll of enchant armour
Potions
 a - 4 potions of curing
 d - a potion of ambrosia
 g - 3 potions of flight
 j - a potion of mutation
 k - 2 potions of invisibility {unknown}
 l - a potion of stabbing {unknown}
 m - a potion of lignification {unknown}
Comestibles
 b - 13 rations
 r - 4 chunks of flesh


   Skills:
 - Level 3.0 Fighting
 * Level 9.6 Short Blades
 - Level 3.0 Dodging


You had 7 spell levels left.
You didn't know any spells.
Your spell library was empty.

Dungeon Overview and Level Annotations

Branches:
Dungeon (6/15)
 Temple: D:4-7

Altars:
Cheibriados
Elyvilon
Fedhas
Gozag
Ru
Sif Muna
Zin

Annotations:
D:3 3 runed translucent doors, kate's ghost, amateur DsFi
D:6 Prince Ribbit


Innate Abilities, Weirdness & Mutations

You cannot wear most types of armour.
You are very stealthy in the water. (Stealth+)
You are amphibious.
You can wear up to eight rings at the same time.
You can use your tentacles to constrict eight enemies at once.
Your skin changes colour to match your surroundings (Stealth+).
Your rubbery body absorbs attacks. (AC +1, EV +1)


Message History

You puncture the hound!
You feel the power of Trog in you as your rage grows.
You kill the hound!
Trog accepts your kill.
You barely miss the sky beast.
The sky beast is lightly wounded.
You hit the sky beast.
The sky beast is lightly wounded.
The sky beast flickers out of sight!
Deactivating autopickup; reactivate with Ctrl-A.
Something hits you.
* * * LOW HITPOINT WARNING * * *
Something shocks you.
* * * LOW HITPOINT WARNING * * *
You closely miss something. You hit something. You miss something.
Something hits you.
* * * LOW HITPOINT WARNING * * *
Something shocks you.
You die...

+.....# #.....#
#########'#.#
#.....##....#
#..........##
#...........#
#.....#######
#....{# #...@†#
#.....# ##.....#
#......#
#......#
##.....#
#.....## ####
#......#
#..######......#


There were no monsters in sight!

Vanquished Creatures
  Grinder (D:4)
  Eustachio (D:5)
  An ogre (D:6)
  Blork the orc (D:5)
  A bullfrog (D:6)
  A crimson imp (D:5)
  2 hounds (D:6)
  A jelly (D:6)
  3 orc wizards
  Ijyb (D:3)
  An iguana (D:5)
  Robin (D:3)
  4 adders
  An ooze (D:2)
  An adder zombie (D:5)
  2 worms
  A dart slug (D:2)
  7 leopard geckos
  7 orcs
  7 bats
  5 giant cockroaches
  16 goblins
  9 hobgoblins
  3 jackals (D:2)
  2 quokkas
  5 frilled lizards
  9 kobolds
  A quokka skeleton (D:5)
  5 rats
100 creatures vanquished.

Notes
Turn   | Place    | Note
-------+----------+-------------------------------------------
     0 | D:1      | Froggeryz the Octopode Berserker began the quest for the
                  | Orb.
     0 | D:1      | Reached XP level 1. HP: 16/16 MP: 1/1
   315 | D:1      | Reached XP level 2. HP: 21/21 MP: 2/2
   448 | D:1      | Reached skill level 4 in Short Blades
   720 | D:1      | Reached XP level 3. HP: 26/26 MP: 3/3
   823 | D:2      | Reached ** piety under Trog
  1443 | D:2      | Found a snail-covered altar of Cheibriados.
  1512 | D:2      | Found an opulent altar of Gozag.
  1513 | D:2      | Found a shimmering blue altar of Sif Muna.
  1630 | D:2      | Reached XP level 4. HP: 31/31 MP: 4/4
  1789 | D:3      | Reached skill level 5 in Short Blades
  1858 | D:3      | Noticed Ijyb
  1874 | D:3      | Killed Ijyb
  2051 | D:3      | Noticed Robin
  2085 | D:2      | Reached XP level 5. HP: 25/36 MP: 5/5
  2287 | D:3      | Reached *** piety under Trog
  2517 | D:3      | Found a sacrificial altar of Ru.
  2725 | D:3      | Killed Robin
  2807 | D:3      | Found a runed translucent gate.
  2807 | D:3      | Found a runed translucent gate.
  2807 | D:3      | Found a runed translucent gate.
  2808 | D:3      | Noticed a big kobold
  2808 | D:3      | Identified the +6 dagger of Evisceration {venom, +Inv rF+
                  | MP+9 Str-5}
  2808 | D:3      | Noticed kate's ghost (amateur DsFi)
  2881 | D:4      | Noticed Grinder
  2894 | D:4      | Killed Grinder
  2894 | D:4      | Reached skill level 7 in Short Blades
  2894 | D:4      | Reached XP level 6. HP: 42/42 MP: 6/6
  3239 | D:4      | Found a white marble altar of Elyvilon.
  3424 | D:5      | Entered Level 5 of the Dungeon
  3425 | D:5      | Noticed Blork the orc
  3432 | D:5      | Killed Blork the orc
  3432 | D:5      | Reached XP level 7. HP: 29/46 MP: 7/7
  3673 | D:5      | Reached skill level 8 in Short Blades
  3796 | D:5      | Noticed Eustachio
  3797 | D:5      | Found a blossoming altar of Fedhas.
  3803 | D:5      | Killed Eustachio
  4267 | D:6      | Noticed Prince Ribbit
  4559 | D:6      | Reached skill level 9 in Short Blades
  4581 | D:6      | Reached XP level 8. HP: 52/52 MP: 8/8
  4677 | D:6      | Found a glowing silver altar of Zin.
  4721 | D:6      | Slain by a sky beast

Illustrated notes

Levels and vault maps discovered:
D:1:      evilmike_arrival_plus, layout_basic
D:2:      layout_loops_ring, kennysheep_slug_shrine,
          gammafunk_temple_overflow_pools, first_ration
D:3:      layout_rooms, marbit_many_paths, gammafunk_ghost_nasty_kobolds,
          uniq_ijyb, uniq_robin
D:4:      layout_gridville, elyvilon_altar_3, uniq_grinder
D:5:      layout_rooms, basic_altar, uniq_eustachio, uniq_blork_the_orc
D:6:      layout_gridville, old_standard_altar, old_standard_altar,
          fedhas_altar_4, uniq_maggie, uniq_prince_ribbit1

Skill      XL: |  1  2  3  4  5  6  7 |
---------------+----------------------+-----
Short Blades   | 4 5 7 9 |  9.6
Fighting       | |  3.0
Dodging        | |  3.0

Action                   |  1- 3 |  4- 6 |  7- 9 || total
-------------------------+-------+-------+-------++-------
Melee: Short sword       |    74 |    15 |       ||    89
       Constrict         |    18 |    30 |    13 ||    61
       Tentacles         |    12 |    26 |    15 ||    53
       Dagger            |       |   102 |    82 ||   184
Invok: Berserk           |       |     3 |     2 ||     5
       Trog's Hand       |       |     1 |       ||     1
  Use: Scroll            |       |    11 |     4 ||    15
 Stab: Sleeping          |     7 |     3 |     3 ||    13
       Distracted        |       |     1 |       ||     1
  Eat: Chunk             |     2 |     8 |     5 ||    15
Armor: Skin              |     7 |     8 |     2 ||    17
Dodge: Dodged            |    38 |    58 |    38 ||   134
